 Dungeon Crawl Stone Soup version 0.26-a0-651-gb41185065b (webtiles) character file.

Game seed: 1667941806925037604

(classic levelgen) 164082 EnegeticOcto the Champion of Chaos (level 16, -5/156 HPs)
             Began as a Deep Dwarf Fighter on Oct 10, 2020.
             Was the Champion of Makhleb.
             Slain by a shadow (22 damage)
             ... summoned by a vampire mage
             ... on level 2 of the Depths.
             The game lasted 00:14:21 (15032 turns).

EnegeticOcto the Champion of Chaos (DDFi)          Turns: 15032, Time: 00:14:22

Health: -5/156     AC: 27    Str: 26    XL:     16   Next: 65%
Magic:  2/2        EV:  7    Int: 10    God:    Makhleb [******]
Gold:   1184       SH: 23    Dex: 12    Spells: 15/15 levels left

rFire    + . .     SeeInvis .   m - +5 war axe (flame)
rCold    . . .     Faith    .   B - +3 tower shield {rF+}
rNeg     + . .     Spirit   .   x - +0 plate armour
rPois    .         Reflect  .   k - +2 helmet (curse)
rElec    .         Harm     .   n - +0 cloak
rCorr    .         Rampage  .   G - +2 pair of gloves
MR       ++...                  a - +2 pair of boots
Stlth    ..........             l - amulet of the acrobat
HPRegen  0.00/turn              (no ring)
MPRegen  0.08/turn              (no ring)

@: non-regenerating, drained
A: damage resistance, heal wounds, negative energy resistance 1, sense
surroundings 2, no regeneration
}: 2/15 runes: decaying, serpentine
a: Heal Wounds, Minor Destruction, Lesser Servant of Makhleb, Major Destruction,
Greater Servant of Makhleb, Renounce Religion


You were on level 2 of the Depths.
You worshipped Makhleb.
Makhleb was exalted by your worship.
You visited 6 branches of the dungeon, and saw 29 of its levels.
You visited 1 bazaar.
You also visited: Bailey and Volcano.

You collected 1692 gold pieces.
You spent 508 gold pieces at shops.

Inventory:

Hand Weapons
 m - a +5 war axe of flaming (weapon)
Missiles
 F - 2 throwing nets (quivered)
Armour
 a - a +2 pair of boots (worn)
 b - +0 swamp dragon scales
 k - a cursed +2 helmet (worn)
 n - a +0 cloak (worn)
 x - a +0 plate armour (worn)
 B - a +3 tower shield of fire resistance (worn)
 G - a +2 pair of gloves (worn)
Jewellery
 l - an amulet of the acrobat (around neck)
Wands
 w - a wand of polymorph (12)
 D - a wand of enslavement (19)
 I - a wand of acid (9) {@v1}
 K - a wand of disintegration (9)
 L - a wand of iceblast (7) {@v2}
Scrolls
 f - 13 scrolls of teleportation {@r3}
 g - 7 scrolls of magic mapping {@r5}
 j - 10 scrolls of remove curse {@r2}
 o - 3 scrolls of blinking
 r - 2 scrolls of immolation {@r4}
 y - a scroll of silence
 C - 4 scrolls of fear
 J - 3 scrolls of identify {@r1}
Potions
 c - a potion of flight
 h - 3 potions of heal wounds {@q2}
 i - 3 potions of resistance {@q6}
 p - 3 potions of stabbing {@q5}
 q - 3 potions of mutation
 s - 3 potions of lignification {@q7}
 t - 4 potions of curing {@q1}
 v - 3 potions of berserk rage
 z - a potion of cancellation
 E - 2 potions of haste {@q4}
Miscellaneous
 e - a phantom mirror
 u - a box of beasts (3/3)
 H - a condenser vane (2/2)


   Skills:
 * Level 13.0(11.8) Fighting
 - Level 16.0(14.6) Axes
 + Level 12.9(11.7) Armour
 - Level 4.7(3.7) Dodging
 * Level 14.4(13.1) Shields
 * Level 17.3(15.9) Invocations


You had 15 spell levels left.
You didn't know any spells.
Your spell library was empty.

Dungeon Overview and Level Annotations

Branches:
Dungeon (15/15)            Temple (1/1) D:7            Lair (3/6) D:10
  Swamp (4/4) Lair:2        Snake (4/4) Lair:3          Orc (0/2) D:12
 Vaults (0/5) D:13         Depths (2/5) D:15         Bailey (visited)
Volcano (visited)

Altars:
Ashenzari
Cheibriados
Dithmenos
Elyvilon
Fedhas
Gozag
Hepliaklqana
Makhleb
Nemelex Xobeh
Okawaru
Qazlal
Ru
Sif Muna
Trog
Uskayaw
Vehumet
Wu Jian
Xom
Yredelemnul
Zin
The Shining One
Beogh

Shops:
D:10 (   D:11 (   Snake:4 ?

Annotations:
D:3 1 exclusion


Innate Abilities, Weirdness & Mutations

You are resistant to damage.
You can heal yourself by infusing magical energy.
You resist negative energy. (rN+)
You passively map the area around you.
You do not regenerate.


Message History

The soul eater draws from the surrounding life force!
You block something's attack. Something closely misses you.
The stone giant throws a large rock.
You block the large rock.
You see here a large rock.
A deep elf death mage comes into view. It is wielding a +0 dagger.
You hear some strange, mumbled words.
A bolt of negative energy appears from out of thin air!
The bolt of negative energy hits the soul eater.
The soul eater completely resists.
The bolt of negative energy hits you! You partially resist.
You feel drained.
The deep elf death mage shouts!
The stone giant throws a large rock.
You block the large rock.
The shadow dragon breathes negative energy at you.
The bolt of negative energy hits something.
The bolt of negative energy hits the soul eater.
The soul eater completely resists.
The bolt of negative energy hits you! You partially resist.
You feel drained.
You see here a large rock.
The stone giant throws a large rock.
The large rock barely misses you.
The soul eater draws from the surrounding life force!
You see here a large rock.
The deep elf death mage beckons forth a restless soul!
Things that are here:
a +2 battleaxe of freezing; 23 gold pieces The shadow dragon breathes negative energy at you.
The bolt of negative energy hits the soul eater.
The soul eater completely resists.
The bolt of negative energy hits you but does no damage.
You partially resist.
You feel drained.
Things that are here:
a large rock; 8 arrows You hit the soul eater.
You burn the soul eater.
The soul eater is lightly wounded.
You block the soul eater's attack.
You barely miss the soul eater.
The soul eater is lightly wounded.
You slash something! You burn something.
You hear some strange, mumbled words.
The soul eater hits you.
You slash the soul eater! You burn the soul eater.
The soul eater is moderately wounded.
You hit something but do no damage.
The stone giant throws a large rock.
A vampire mage appears from thin air!
Reactivating autopickup.
The lost soul sacrifices itself to reknit something!
The vampire mage hits you. You block the vampire mage's attack.
The soul eater hits you.
You hit the soul eater but do no damage.
The soul eater is moderately wounded.
You hit the jiangshi. You burn the jiangshi. You hit the vampire mage.
You burn the vampire mage. The jiangshi claws you!
* * * LOW HITPOINT WARNING * * *
The jiangshi draws strength from your injuries!
The jiangshi closely misses you. The jiangshi claws you!
* * * LOW HITPOINT WARNING * * *
You block the jiangshi's attack.
The shadow slips into darkness.
The shadow flickers and vanishes!
Deactivating autopickup; reactivate with Ctrl-A.
The vampire mage casts a spell.
The vampire mage flickers and vanishes!
You block the soul eater's attack.
You hit the soul eater but do no damage.
The soul eater is moderately wounded.
You hit the jiangshi. You burn the jiangshi. You hit something.
You burn something.
The shadow dragon breathes negative energy at you.
The bolt of negative energy hits the soul eater.
The soul eater completely resists.
The bolt of negative energy misses you.
A shadow dragon comes into view.
You hit the soul eater. You burn the soul eater.
The soul eater is moderately wounded.
You hit the jiangshi. You burn the jiangshi.
You hit something but do no damage. Something completely misses you.
Something bites you but does no damage. You block the soul eater's attack.
You block the jiangshi's attack. x2
The deep elf death mage casts a spell.
The corpses begin to drag themselves along the ground! 2 crawling corpses come into view.
You closely miss the soul eater.
The soul eater is moderately wounded.
You closely miss the shadow dragon. You hit something. You burn something.
You hit the jiangshi. You burn the jiangshi.
Your shield and plate armour prevent you from hitting something.
You block the jiangshi's attack.
The jiangshi claws you but does no damage.
The stone giant throws a large rock.
You block the large rock.
The soul eater draws from the surrounding life force!
The soul eater is healed.
Something hits you but does no damage. Something bites you.
* * * LOW HITPOINT WARNING * * *
Something draws strength from your injuries!
The shadow dragon bites you!
* * * LOW HITPOINT WARNING * * *
The shadow dragon claws you. You block the shadow dragon's attack.
The jiangshi claws you!
* * * LOW HITPOINT WARNING * * *
The jiangshi draws strength from your injuries!
The jiangshi claws you but does no damage.
The shadow strikes at you from the darkness!
You die...

* ,
...............#
#.....#.......##*
,
##.......(....D..
, , ,,, **
#.....#..........
, ,
##......x(.......
##........(.C.....
, *
#......<..M(...##.
,*,
#.......eD3{3..#.#
*
........(.@V.....#
*,*,
....(.....#.x.....
,
#.$......##.....##
* #.....##..
.....# .....#*##.
..#..# ,...##
#.......# , , #.,
,* ..[...# * * ,*
##.. .# **, , , ,
,, , *


You could see 2 shadow dragons, a stone giant, a deep elf death mage, a jiangshi
(summoned), 2 soul eaters, a mummy (summoned) and 2 crawling corpses.

Vanquished Creatures
  the Lernaean hydra (Swamp:4)
  2 thorn hunters (Swamp:4)
  A frost giant (Depths:2)
  5 nagarajas
  2 stone giants (Depths:2)
  A yaktaur captain (D:13)
  Harold (D:8)
  An ogre mage (D:12)
  A rakshasa (Depths:1)
  8 hydras
  2 ghost crabs
  3 centaur warriors
  6 anacondas
  6 naga warriors
  Erica (D:9)
  A deep troll earth mage (Depths:2)
  6 two-headed ogres
  4 alligators
  A deep troll shaman (Depths:2)
  5 shock serpents
  5 tengu warriors
  A sun demon (Volcano)
  9 naga sharpshooters
  A shadow wraith (Depths:2)
  2 unseen horrors
  3 deep trolls (Depths:2)
  5 naga ritualists
  A spriggan druid (Swamp:4)
  7 swamp dragons
  A glowing orange brain (D:15)
  Pikel (D:6)
  3 orc knights (Bailey)
  A frost giant zombie (Depths:2)
  A wolf spider (D:13)
  An orc sorcerer (Volcano)
  12 ugly things
  4 mana vipers
  2 deep elf magi
  2 cyclopes
  2 salamanders
  15 naga magi
  17 black mambas
  10 cane toads
  2 centaur skeletons
  A gargoyle (D:15)
  Maggie (D:9)
  A komodo dragon (shapeshifter) (Depths:2)
  5 yaktaurs
  4 komodo dragons
  A polar bear (Lair:3)
  2 tengu conjurers (D:15)
  3 trolls
  3 red devils (Volcano)
  6 tyrant leeches
  A hornet (shapeshifter) (D:8)
  3 hornets
  10 blink frogs
  10 bog bodies
  7 slime creatures
  3 hippogriffs
  3 shadows
  5 spriggans
  A vampire (D:13)
  A water elemental (Depths:1)
  A wyvern (Lair:2)
  2 humans (D:9)
  3 wraiths
  29 yaks
  A golden eye (shapeshifter) (D:15)
  A yak (shapeshifter) (D:15)
  4 basilisks
  Eustachio (D:4)
  12 vampire mosquitoes
  Menkaure (D:4)
  17 nagas
  An acid dragon (D:15)
  2 soldier ants (D:8)
  11 swamp worms
  5 insubstantial wisps (Swamp:3)
  3 porcupines
  10 orc warriors
  12 swamp drakes
  5 water moccasins
  3 sky beasts
  3 black bears
  An eye of draining (shapeshifter) (D:15)
  A phantom (D:8)
  A necrophage (D:8)
  6 ice beasts
  11 ogres
  An eye of draining (D:11)
  5 wolves (Lair:3)
  5 centaurs
  2 big kobolds
  13 bullfrogs
  A wyvern skeleton (D:8)
  6 scorpions
  15 killer bees
  19 wights
  3 howler monkeys
  2 centaur zombies
  2 quasits
  5 hounds
  4 jellies
  10 orc priests
  12 orc wizards
  Crazy Yiuf (D:2)
  2 bullfrog skeletons
  Ijyb (D:5)
  7 iguanas
  6 worker ants
  A killer bee zombie (D:7)
  A hound zombie (D:10)
  2 hound skeletons
  Robin (D:2)
  A howler monkey skeleton (D:8)
  A gnoll (D:2)
  A river rat (D:3)
  17 adders
  2 shadow imps
  6 white imps
  3 oozes
  2 adder skeletons
  A worm (shapeshifter) (D:15)
  A worm (D:2)
  A dart slug (D:2)
  2 leopard geckos
  71 orcs
  10 giant cockroaches
  16 goblins
  6 hobgoblins
  7 jackals
  3 quokkas
  A ball python (D:5)
  14 bats
  4 frilled lizards
  2 jackal zombies
  20 kobolds
  7 rats
710 creatures vanquished.

Vanquished Creatures (collateral kills)
  Rupert (D:13)
  A nagaraja (Snake:4)
  Snorg (D:13)
  5 naga warriors (Snake:4)
  2 hydras (Swamp:4)
  2 naga sharpshooters (Snake:4)
  A swamp dragon (Swamp:4)
  A naga ritualist (Snake:4)
  7 naga magi (Snake:4)
  A black mamba (Snake:4)
  A red devil (Volcano)
  2 bog bodies (Swamp:4)
  2 vampire mosquitoes (D:15)
  4 nagas (Snake:4)
  An orc warrior (Bailey)
  A big kobold (D:13)
  An orc (Bailey)
  A goblin (Bailey)
  A hobgoblin (Bailey)
  4 kobolds (Bailey)
40 creatures vanquished.

Vanquished Creatures (others)
  An alligator (Swamp:3)
  A spriggan druid (Swamp:2)
  2 hornets (Swamp:4)
  2 spriggans (Swamp:4)
  A naga (Snake:4)
  13 fungi
  41 plants
61 creatures vanquished.

Grand Total: 811 creatures vanquished

Notes
Turn   | Place    | Note
-------+----------+-------------------------------------------
     0 | D:1      | EnegeticOcto the Deep Dwarf Fighter began the quest for the
                  | Orb.
     0 | D:1      | Reached XP level 1. HP: 20/20 MP: 1/1
    44 | D:1      | Reached XP level 2. HP: 27/27 MP: 2/2
   343 | D:2      | Reached XP level 3. HP: 33/33 MP: 3/3
   370 | D:2      | Noticed Robin
   393 | D:2      | Killed Robin
   507 | D:2      | Found a shimmering blue altar of Sif Muna.
   581 | D:2      | Reached XP level 4. HP: 34/42 MP: 4/4
   916 | D:2      | Found a runed translucent door.
   917 | D:2      | Noticed Crazy Yiuf
   923 | D:2      | Killed Crazy Yiuf
   973 | D:3      | Reached XP level 5. HP: 49/49 MP: 4/4
  1191 | D:3      | Found a radiant altar of Vehumet.
  1698 | D:4      | Reached XP level 6. HP: 55/56 MP: 5/5
  1792 | D:4      | Found a sacrificial altar of Ru.
  1868 | D:4      | Noticed Eustachio
  1868 | D:4      | Noticed Menkaure
  1878 | D:4      | Killed Eustachio
  1878 | D:4      | Reached skill level 5 in Axes
  1880 | D:4      | Killed Menkaure
  1880 | D:4      | Reached XP level 7. HP: 48/64 MP: 5/5
  1885 | D:4      | Found a blossoming altar of Fedhas.
  1901 | D:4      | Reached skill level 5 in Armour
  1901 | D:4      | Reached skill level 5 in Shields
  2107 | D:4      | Found a shimmering altar of Xom.
  2194 | D:5      | Entered Level 5 of the Dungeon
  2392 | D:5      | Noticed Ijyb
  2394 | D:5      | Paralysed by Ijyb for 6 turns
  2401 | D:5      | Reached XP level 8. HP: 52/73 MP: 4/4
  2406 | D:5      | Paralysed by Ijyb for 3 turns
  2417 | D:5      | Paralysed by Ijyb for 5 turns
  2425 | D:5      | Paralysed by Ijyb for 3 turns
  2428 | D:5      | Killed Ijyb
  2592 | D:5      | Found a snail-covered altar of Cheibriados.
  2603 | D:5      | Found a broken altar of Ashenzari.
  2606 | D:5      | Found an opulent altar of Gozag.
  2645 | D:5      | Found a bloodstained altar of Trog.
  2875 | D:6      | Reached skill level 5 in Fighting
  2903 | D:6      | Noticed Pikel
  2922 | D:6      | Killed Pikel
  3084 | D:6      | Found a sparkling altar of Nemelex Xobeh.
  3169 | D:6      | Gained mutation: You passively map the area around you.
                  | [Deep Dwarf growth]
  3169 | D:6      | Reached XP level 9. HP: 34/81 MP: 4/4
  3922 | D:7      | Found a hazy altar of Hepliaklqana.
  4120 | D:7      | Found a staircase to the Ecumenical Temple.
  4136 | Temple   | Entered the Ecumenical Temple
  4210 | Temple   | Became a worshipper of Makhleb the Destroyer
  4250 | D:7      | Found a basalt altar of Yredelemnul.
  4259 | D:7      | Found a stormy altar of Qazlal.
  4311 | D:7      | Reached skill level 1 in Invocations
  4655 | D:7      | Reached skill level 2 in Invocations
  4985 | D:8      | Reached skill level 3 in Invocations
  5214 | D:8      | Noticed Harold
  5244 | D:8      | Killed Harold
  5244 | D:8      | Reached skill level 10 in Axes
  5244 | D:8      | Reached skill level 4 in Invocations
  5244 | D:8      | Reached XP level 10. HP: 83/92 MP: 1/3
  5381 | D:8      | Noticed a two-headed ogre
  5396 | D:8      | Killed a two-headed ogre
  5396 | D:8      | Reached skill level 5 in Invocations
  5548 | D:8      | Reached * piety under Makhleb
  5650 | D:8      | Reached skill level 6 in Invocations
  5678 | D:8      | Paralysed by a hornet for 2 turns
  5775 | D:9      | Noticed Erica
  5792 | D:9      | Killed Erica
  5815 | D:9      | Reached skill level 7 in Invocations
  5877 | D:9      | Noticed Maggie
  5896 | D:9      | Killed Maggie
  5972 | D:9      | Reached ** piety under Makhleb
  6092 | D:9      | Reached XP level 11. HP: 72/100 MP: 6/6
  6312 | D:9      | Found an iron altar of Okawaru.
  6369 | D:10     | Entered Level 10 of the Dungeon
  6369 | D:10     | Found Lumpip's Antique Weapon Shop.
  6431 | D:10     | Reached skill level 8 in Invocations
  6570 | D:10     | Reached *** piety under Makhleb
  6601 | D:10     | Found a flagged portal.
  6607 | Bailey   | Entered a bailey
  6614 | Bailey   | Noticed an orc knight
  6619 | Bailey   | Noticed an orc knight
  6621 | Bailey   | Noticed an orc knight
  6635 | Bailey   | Killed an orc knight
  6658 | Bailey   | Killed an orc knight
  6674 | Bailey   | Identified the +6 long sword of Pagun {vorpal, rElec rF-
                  | Int-3 Stlth+}
  6700 | Bailey   | Killed an orc knight
  6770 | Bailey   | Found the +7 Kryia's mail coat {PotionHeal*2 rC+}
  6850 | D:10     | Reached skill level 9 in Invocations
  6871 | D:10     | Found a staircase to the Lair.
  7152 | D:11     | Reached **** piety under Makhleb
  7304 | D:11     | Killed an unseen horror
  7341 | D:11     | Noticed a two-headed ogre
  7360 | D:11     | Killed a two-headed ogre
  7404 | D:11     | Reached skill level 10 in Invocations
  7406 | D:11     | Noticed a brown ugly thing
  7417 | D:11     | Killed a brown ugly thing
  7424 | D:11     | Found Nyppahuci's Weapon Emporium.
  7685 | D:11     | Reached XP level 12. HP: 110/110 MP: 9/9
  8110 | D:12     | Noticed an ogre mage
  8110 | D:12     | Noticed a two-headed ogre
  8110 | D:12     | Noticed a two-headed ogre
  8110 | D:12     | Noticed a two-headed ogre
  8110 | D:12     | Noticed a two-headed ogre
  8113 | D:12     | Reached ***** piety under Makhleb
  8115 | D:12     | Killed a two-headed ogre
  8116 | D:12     | Killed a two-headed ogre
  8116 | D:12     | Reached skill level 11 in Invocations
  8119 | D:12     | Killed an ogre mage
  8125 | D:12     | Killed a two-headed ogre
  8126 | D:12     | Killed a two-headed ogre
  8126 | D:12     | Reached skill level 10 in Armour
  8126 | D:12     | Reached skill level 10 in Shields
  8253 | D:12     | Found a roughly hewn altar of Beogh.
  8281 | D:12     | Found a staircase to the Orcish Mines.
  8431 | D:12     | Reached skill level 1 in Dodging
  8491 | D:13     | Noticed Rupert
  8518 | D:13     | Killed Rupert
  8518 | D:13     | Reached skill level 12 in Invocations
  8550 | D:13     | Noticed a tengu warrior
  8550 | D:13     | Noticed a tengu warrior
  8570 | D:13     | Killed a tengu warrior
  8572 | D:13     | Killed a tengu warrior
  8572 | D:13     | Reached XP level 13. HP: 101/121 MP: 11/11
  8604 | D:13     | Noticed Snorg
  8629 | D:13     | Killed Snorg
  8898 | D:13     | Found a gate to the Vaults.
  9312 | D:15     | Entered Level 15 of the Dungeon
  9469 | D:15     | Found a gateway to a bazaar.
  9493 | Bazaar   | Entered a bazaar
  9493 | Bazaar   | Found Pieqekha's Book Boutique.
  9493 | Bazaar   | Found Hithatz's Weapon Boutique.
  9521 | Bazaar   | Found Feleleapp's Antique Weapon Boutique.
  9570 | Bazaar   | Found Linn's Magic Scroll Shop.
  9578 | Bazaar   | Bought 2 scrolls of teleportation for 66 gold pieces
  9578 | Bazaar   | Bought a scroll of enchant armour for 82 gold pieces
  9578 | Bazaar   | Bought a scroll of blinking for 82 gold pieces
  9578 | Bazaar   | Bought a scroll of enchant weapon for 82 gold pieces
  9653 | D:15     | Found a staircase to the Depths.
  9682 | D:15     | Reached skill level 13 in Invocations
 10087 | D:15     | Reached skill level 10 in Fighting
 10519 | Lair:1   | Entered Level 1 of the Lair of Beasts
 10885 | Lair:2   | Gained mutation: You resist negative energy. (rN+) [Deep
                  | Dwarf growth]
 10885 | Lair:2   | Reached XP level 14. HP: 132/132 MP: 10/10
 10894 | Lair:2   | Found a staircase to the Swamp.
 10896 | Lair:2   | Reached ****** piety under Makhleb
 11240 | Lair:3   | Found a dark tunnel.
 11246 | Volcano  | Entered a volcano
 11592 | Lair:3   | Found a staircase to the Snake Pit.
 12298 | Swamp:1  | Entered Level 1 of the Swamp
 12467 | Swamp:2  | Reached skill level 14 in Invocations
 12655 | Swamp:3  | Found a glowing golden altar of the Shining One.
 12813 | Swamp:4  | Entered Level 4 of the Swamp
 12920 | Swamp:4  | Reached skill level 15 in Axes
 13017 | Swamp:4  | Noticed the 27-headed Lernaean hydra
 13021 | Swamp:4  | Noticed a thorn hunter
 13030 | Swamp:4  | Killed the 22-headed Lernaean hydra
 13030 | Swamp:4  | Reached XP level 15. HP: 69/142 MP: 9/9
 13032 | Swamp:4  | Reached skill level 15 in Invocations
 13040 | Swamp:4  | Killed a thorn hunter
 13061 | Swamp:4  | Got a decaying rune of Zot
 13127 | Swamp:4  | Noticed a thorn hunter
 13145 | Swamp:4  | Killed a thorn hunter
 13364 | Snake:1  | Entered Level 1 of the Snake Pit
 13817 | Snake:2  | Noticed a nagaraja
 13831 | Snake:2  | Killed a nagaraja
 13895 | Snake:2  | Noticed a nagaraja
 13905 | Snake:2  | Killed a nagaraja
 14062 | Snake:3  | Reached skill level 16 in Invocations
 14072 | Snake:4  | Entered Level 4 of the Snake Pit
 14142 | Snake:4  | Found Mutwaog's Magic Scroll Shoppe.
 14154 | Snake:4  | Bought a scroll of teleportation for 42 gold pieces
 14154 | Snake:4  | Bought a scroll of enchant armour for 105 gold pieces
 14154 | Snake:4  | Bought a scroll of fear for 49 gold pieces
 14224 | Snake:4  | Noticed a nagaraja
 14230 | Snake:4  | Reached XP level 16. HP: 140/152 MP: 7/7
 14359 | Snake:4  | Got a serpentine rune of Zot
 14895 | Depths:1 | Entered Level 1 of the Depths
 14917 | Depths:1 | Reached skill level 17 in Invocations
 15009 | Depths:2 | Noticed a shadow dragon
 15030 | Depths:2 | Noticed a shadow dragon
 15032 | Depths:2 | Slain by a shadow

Illustrated notes

Levels and vault maps discovered:
D:1:      dpeg_arrival_tiny_a, layout_rooms
D:2:      layout_loops_ring, lemuel_blue_sif_altar,
          minmay_misc_feat_secret_circle, minmay_misc_feat_cross,
          kennysheep_generic_room_6, uniq_robin, uniq_crazy_yiuf_cottage
D:3:      layout_loops_ring, vehumet_crystals, lightli_sewer_entry_pipes,
          serial_glass, glass_columns_a, glass_columns_c, glass_columns_b,
          glass_columns_a, minmay_misc_feat_enclosed, serial_bayou_lagoon_a
D:4:      layout_cave_pools, lemuel_coloured_pillars_altar,
          nicolae_ru_the_path_less_chosen, st_stairs_3,
          fedhas_bush_and_centaur_altar, uniq_eustachio, uniq_menkaure
D:5:      layout_cave_pools, minitemple, kennysheep_mini, columned_hall_lemuel,
          uniq_ijyb
D:6:      layout_layer_cave, basic_altar, uniq_pikel
D:7:      layout_basic, lemuel_crystal_altar, grunt_temple_overflow_open,
          minmay_temple_entry_slanted
D:8:      kennysheep_windowed_halls, layout_basic, hangedman_pestilent_swarm,
          uniq_harold
D:9:      layout_roguey, okawaru_humans, grunt_ministairs_12, uniq_erica,
          uniq_maggie
D:10:     layout_cave_pools, david_lair_shrubbed, serial_shops,
          nicolae_shop_stone, enter_bailey_2, lightli_fourway_metalbox
D:11:     layout_small_grid, serial_shops, nicolae_shop_crystal
D:12:     layout_roguey, hiddenorc1_lemuel, david_defended_altar_orc
D:13:     layout_irregular_city, david_vaults_2, serial_park_tiny_2,
          st_stairs_11, kennysheep_cross_room, uniq_rupert, uniq_snorg
D:14:     layout_basic, portal_ice_cave_rime, onia_ninara_dug_in_and_dangerous
D:15:     gammafunk_enter_depths_forms, layout_small_grid,
          hangedman_decor_growths, serial_shops, bzr_entry_dummy
Temple:   compressed_dpeg_circular_temple
Lair:1:   beast_lair_carwin_large_3, layout_cave_pods, minmay_shattered_shrine,
          serial_bayou_shore_a, uniq_grum
Lair:2:   layout_chaotic_city, palyth_hydra_swamp_entry, fungi_pond_lemuel
Lair:3:   layout_concentric_octagons, dummy_snake_entry, enter_volcano_1
Swamp:1:  layout_falls_marsh, hangedman_swamp_lotus
Swamp:2:  layout_basic_swamp, nicolae_swamp_fairy_circle
Swamp:3:  layout_basic_swamp, basic_altar, swamp_pool1,
          nicolae_swamp_rocky_clearing
Swamp:4:  grunt_swamp_rune_castle, layout_basic_swamp, swamp_pool2,
          ldierk_geyser, nicolae_swamp_little_tower, infiniplex_staircase_pool_2
Snake:1:  kennysheep_six_static_rooms, layout_gridlike, grunt_ministairs_4
Snake:2:  layout_honeycomb, nicolae_snake_shapes
Snake:3:  layout_misc_corridors, uniq_vashnia
Snake:4:  snake_pit, layout_cave_town, serial_shops, shop_scrolls
Depths:1: layout_cave_pools, hell_entry, minmay_misc_feat_iff, serial_shops,
          shop, guppyfry_shop_venom
Depths:2: kennysheep_funnel, layout_cave_shapes, special_room
          [special_room_morgue], abyss_entry, hell_entry, dk_noncrumbling_2,
          infiniplex_staircase_pillars_1, uniq_nikola

Skill      XL: |  1  2  3  4  5  6  7  8  9 10 11 12 13 14 15 16 |
---------------+-------------------------------------------------+-----
Axes           | 3 4 5 6 8 10 11 12 13 14 15 16 | 16.0
Fighting       | 3 4 5 6 7 8 9 10 11 12 13 | 13.0
Armour         | 4 5 6 7 8 9 10 11 12 | 12.9
Shields        | 4 5 6 7 8 9 10 11 12 13 14 | 14.4
Invocations    | 4 7 10 12 13 14 16 17 | 17.3
Dodging        | 2 4 |  4.7

Action                   |  1- 3 |  4- 6 |  7- 9 | 10-12 | 13-15 | 16-18 || total
-------------------------+-------+-------+-------+-------+-------+-------++-------
Melee: War axe           |   101 |   175 |   345 |   715 |  1162 |   214 ||  2712
Invok: Lesser Servant of |       |       |       |     2 |     4 |     2 ||     8
       Greater Servant o |       |       |       |       |     5 |     1 ||     6
 Abil: Heal Wounds       |       |     6 |    16 |     9 |    33 |    19 ||    83
Evoke: Wand              |       |       |       |    11 |       |       ||    11
       Box of beasts     |       |       |       |     3 |       |       ||     3
       Condenser vane    |       |       |       |       |       |     1 ||     1
  Use: Scroll            |       |       |    16 |    15 |    10 |       ||    41
       Potion            |       |       |       |     3 |     1 |     2 ||     6
 Stab: Confused          |       |       |       |       |     1 |       ||     1
       Distracted        |       |       |       |       |     1 |     4 ||     5
Armor: Scale mail        |    77 |    98 |    22 |       |       |       ||   197
       Chain mail        |       |       |    85 |       |       |       ||    85
       Plate armour      |       |       |    72 |   444 |   224 |    61 ||   801
       Swamp dragon scal |       |       |       |       |   308 |    81 ||   389
Dodge: Dodged            |    41 |    62 |    83 |   203 |   424 |    95 ||   908
Block: Kite shield       |    95 |   103 |   198 |   441 |   247 |       ||  1084
       Tower shield      |       |       |       |       |   971 |   356 ||  1327

Table legend: (Time is in decaauts)
 A = Elapsed time spent in this place.
 B = Non-inter-level travel time spent in this place.
 C = Inter-level travel time spent in this place.
 D = Time resting spent in this place.
 E = Time spent auto-exploring this place.
 F = Levels seen in this place.
 G = Mean time per level.
                   A        B        C        D        E       F      G
               +--------+--------+--------+--------+--------+-----+--------+
         Total |  15033 |  13733 |   1300 |      0 |   9154 |  32 |  469.8 |
       Dungeon |  10429 |   9769 |    660 |      0 |   6906 |  15 |  695.3 |
        Temple |     89 |     52 |     37 |      0 |     49 |   1 |   89.0 |
          Lair |   1706 |   1481 |    225 |      0 |   1268 |   3 |  568.7 |
         Swamp |    992 |    828 |    164 |      0 |    309 |   4 |  248.0 |
     Snake Pit |   1238 |   1030 |    208 |      0 |    402 |   4 |  309.5 |
        Depths |    107 |    102 |      5 |      0 |      0 |   2 |   53.5 |
        Bazaar |    108 |    108 |      0 |      0 |     97 |   1 |  108.0 |
        Bailey |    173 |    173 |      0 |      0 |     29 |   1 |  173.0 |
       Volcano |    186 |    186 |      0 |      0 |     94 |   1 |  186.0 |
               +--------+--------+--------+--------+--------+-----+--------+

Top non-repeatable levels by time:
     D:6: 1056 daAuts
    D:15: 1004 daAuts
     D:7: 926 daAuts
  Lair:3: 914 daAuts
     D:8: 904 daAuts
    D:13: 815 daAuts
     D:2: 813 daAuts
  Lair:2: 773 daAuts
     D:3: 765 daAuts
    D:11: 704 daAuts
    D:12: 656 daAuts
     D:5: 647 daAuts
    D:10: 646 daAuts
     D:9: 620 daAuts
     D:4: 540 daAuts
